SR
FRANKLIN FIRE @ STATEN ISLAND PIZZA RATS
08/23/2034
 
TOP OF THE 1ST
Franklin Fire batting - Pitching for Staten Island Pizza Rats : RHP Marnix de Jonge
Pitching: RHP Marnix de Jonge
Batting: LHB Rick Newell 0-0: Ball
1-0: Ball
2-0: Ground out 4-3 (Groundball, 4D)
Batting: LHB Ling-lai Ding 0-0: Called Strike
0-1: DOUBLE (Line Drive, 89D)
Batting: LHB Ánibal Leobardo 0-0: Ball
1-0: SINGLE (Line Drive, 5D)
Ling-lai Ding to third
Runner from 3rd tries for Home, throw and OUT!
Batting: SHB Govaart Baars 0-0: Ball
1-0: Fly out, F8 (Line Drive, 8LXD)
Top of the 1st over - 0 runs, 2 hits, 0 errors, 1 left on base; Franklin 0 - Staten Island 0
BOTTOM OF THE 1ST
Staten Island Pizza Rats batting - Pitching for Franklin Fire : LHP Tim Wallace
Pitching: LHP Tim Wallace
Batting: RHB Curt Rovira 0-0: Ball
1-0: Foul Ball, location: 2F
1-1: Ball
2-1: Foul Ball, location: 2F
2-2: Foul Ball, location: 2F
2-2: Strikes out swinging
Batting: RHB Albert McBride 0-0: Ball
1-0: TRIPLE (Flyball, 89XD)
Batting: LHB Ismael Soto 0-0: Ball
1-0: Called Strike
1-1: Ball
2-1: SINGLE (Groundball, 56D)
Albert McBride scores
Batting: RHB Brock Waxley 0-0: SINGLE (Line Drive, 3S)
Ismael Soto to second
Runner from 2nd tries for 3rd, SAFE, throw made at trailing runner, OUT!
Batting: LHB Wilson Sabadodíaz 0-0: Ball
1-0: Ball
2-0: Ball
3-0: Called Strike
3-1: Ground out U3 (Groundball, 34)
Bottom of the 1st over - 1 run, 3 hits, 0 errors, 1 left on base; Franklin 0 - Staten Island 1
TOP OF THE 2ND
Franklin Fire batting - Pitching for Staten Island Pizza Rats : RHP Marnix de Jonge
Now in RF: António Reyes
Batting: RHB Shannon L. Alder 0-0: Foul Ball, location: 2F
0-1: Foul Ball, location: 2F
0-2: Ball
1-2: Ball
2-2: Ball
3-2: Foul Ball, location: 2F
3-2: Ground out 5-3 (Groundball, 5)
Batting: RHB Pat Kramer 0-0: Called Strike
0-1: Foul Ball, location: 2F
0-2: Strikes out swinging
Batting: LHB Kent Maxwell 0-0: Ball
1-0: Called Strike
1-1: Fly out, F8 (Line Drive, 8RD)
Top of the 2nd over - 0 runs, 0 hits, 0 errors, 0 left on base; Franklin 0 - Staten Island 1
BOTTOM OF THE 2ND
Staten Island Pizza Rats batting - Pitching for Franklin Fire : LHP Tim Wallace
Batting: RHB Jack Lynch 0-0: Ball
1-0: Ball
2-0: Ball
3-0: Called Strike
3-1: Base on Balls
Batting: LHB Puck Schit 0-0: Swinging Strike
0-1: Ball
1-1: Fly out, F9 (Flyball, 9S)
Batting: RHB Jorge Japón 0-0: Called Strike
0-1: Called Strike
0-2: SINGLE (Groundball, 34D)
Jack Lynch to second
Runner from 2nd tries for 3rd, SAFE, throw made to third
Batting: LHB Carlos Sánchez 0-0: Ball
1-0: Foul Ball, location: 2F
1-1: Foul Ball, location: 2F
1-2: Ball
2-2: Foul Ball, location: 2F
2-2: Fly out, F8 (Flyball, 8LS)
Runner from 3rd tags up, SCORES, no throw
Batting: RHB Curt Rovira 0-0: Called Strike
0-1: Called Strike
0-2: SINGLE (Line Drive, 8LS)
Jorge Japón to second
Batting: RHB Albert McBride 0-0: Ball
1-0: Reached on error, E5 (Groundball, 5L)
Jorge Japón to third
Curt Rovira to second
Batting: LHB Ismael Soto 0-0: Ball
1-0: Foul Ball, location: 2F
1-1: Ball
2-1: Called Strike
2-2: Fly out, F9 (Flyball, 9LM)
Bottom of the 2nd over - 1 run, 2 hits, 1 error, 3 left on base; Franklin 0 - Staten Island 2
TOP OF THE 3RD
Franklin Fire batting - Pitching for Staten Island Pizza Rats : RHP Marnix de Jonge
Batting: LHB Tareef Ashraf 0-0: Fly out, F8 (Flyball, 8LS)
Batting: RHB Rubén Plumey 0-0: Ball
1-0: Ball
2-0: Ball
3-0: Base on Balls
Batting: LHB Rick Newell 0-0: Called Strike
0-1: Called Strike
0-2: Fly out, F9 (Flyball, 9)
Batting: LHB Ling-lai Ding 0-0: Ball
1-0: Ground out U3 (Groundball, 3S)
Top of the 3rd over - 0 runs, 0 hits, 0 errors, 1 left on base; Franklin 0 - Staten Island 2
BOTTOM OF THE 3RD
Staten Island Pizza Rats batting - Pitching for Franklin Fire : LHP Tim Wallace
Batting: RHB António Reyes 0-0: Called Strike
0-1: Ball
1-1: Foul Ball, location: 2F
1-2: Reached on error, E4 (Groundball, 4)
Batting: LHB Wilson Sabadodíaz 0-0: Called Strike
0-1: Foul Ball, location: 2F
0-2: Ball
1-2: Foul Ball, location: 2F
1-2: Ball
2-2: Fielders Choice at 2nd, 4-6 (Groundball, 4)
Batting: RHB Jack Lynch 0-0: Called Strike
0-1: Ball
1-1: Called Strike
1-2: Foul Ball, location: 2F
1-2: Fly out, F7 (Line Drive, 78D)
Runner from 1st tags up, SAFE at 2nd
Batting: LHB Puck Schit 0-0: SINGLE (Groundball, 3) (infield hit)
Wilson Sabadodíaz to third
Batting: RHB Jorge Japón 0-0: Fielders Choice at 2nd, 6-4 (Groundball, 6)
Bottom of the 3rd over - 0 runs, 1 hit, 1 error, 2 left on base; Franklin 0 - Staten Island 2
TOP OF THE 4TH
Franklin Fire batting - Pitching for Staten Island Pizza Rats : RHP Marnix de Jonge
Batting: LHB Ánibal Leobardo 0-0: Called Strike
0-1: Swinging Strike
0-2: Ball
1-2: Ball
2-2: Foul Ball, location: 2F
2-2: Strikes out swinging
Batting: SHB Govaart Baars 0-0: Ball
1-0: Foul Ball, location: 2F
1-1: Fly out, F8 (Flyball, 8LD)
Batting: RHB Shannon L. Alder 0-0: Ball
1-0: Called Strike
1-1: Foul Ball, location: 2F
1-2: Ball
2-2: Ball
3-2: SINGLE (Groundball, 56D)
Batting: RHB Pat Kramer 0-0: Ball
1-0: Ball
2-0: Ball
3-0: Called Strike
3-1: Base on Balls
Shannon L. Alder to second
Batting: LHB Kent Maxwell 0-0: Ball
1-0: Foul Ball, location: 2F
1-1: Foul Ball, location: 2F
1-2: Foul Ball, location: 2F
1-2: Strikes out swinging
Top of the 4th over - 0 runs, 1 hit, 0 errors, 2 left on base; Franklin 0 - Staten Island 2
BOTTOM OF THE 4TH
Staten Island Pizza Rats batting - Pitching for Franklin Fire : LHP Tim Wallace
Batting: LHB Carlos Sánchez 0-0: Ground out U3 (Groundball, 3S)
Batting: RHB Curt Rovira 0-0: Called Strike
0-1: Called Strike
0-2: Ball
1-2: Ball
2-2: Ball
3-2: Foul Ball, location: 2F
3-2: Ground out 6-3 (Groundball, 6)
Batting: RHB Albert McBride 0-0: Ball
1-0: SINGLE (Groundball, 6D)
Batting: LHB Ismael Soto 0-0: Ball
1-0: Foul Ball, location: 2F
1-1: Foul Ball, location: 2F
1-2: Ball
2-2: Strikes out swinging
Bottom of the 4th over - 0 runs, 1 hit, 0 errors, 1 left on base; Franklin 0 - Staten Island 2
TOP OF THE 5TH
Franklin Fire batting - Pitching for Staten Island Pizza Rats : RHP Marnix de Jonge
Batting: LHB Tareef Ashraf 0-0: Fly out, F3 (Line Drive, 3L)
Batting: RHB Rubén Plumey 0-0: Ball
1-0: Ground out 6-3 (Groundball, 6)
Batting: LHB Rick Newell 0-0: SINGLE (Flyball, 6MD)
Batting: LHB Ling-lai Ding 0-0: Ground out 4-3 (Groundball, 4)
Top of the 5th over - 0 runs, 1 hit, 0 errors, 1 left on base; Franklin 0 - Staten Island 2
BOTTOM OF THE 5TH
Staten Island Pizza Rats batting - Pitching for Franklin Fire : LHP Tim Wallace
Batting: RHB António Reyes 0-0: Fly out, F8 (Flyball, 8LD)
Batting: LHB Wilson Sabadodíaz 0-0: Foul Ball, location: 2F
0-1: Ball
1-1: Called Strike
1-2: Ball
2-2: SINGLE (Groundball, 6) (infield hit)
Batting: RHB Jack Lynch 0-0: Ball
1-0: Fly out, F7 (Flyball, 7LM)
Batting: LHB Puck Schit 0-0: Foul Ball, location: 2F
0-1: Ball
1-1: Fly out, F8 (Flyball, 8RD)
Bottom of the 5th over - 0 runs, 1 hit, 0 errors, 1 left on base; Franklin 0 - Staten Island 2
TOP OF THE 6TH
Franklin Fire batting - Pitching for Staten Island Pizza Rats : RHP Marnix de Jonge
Batting: LHB Ánibal Leobardo 0-0: Ground out 6-3 (Groundball, 6)
Batting: SHB Govaart Baars 0-0: SINGLE (Groundball, 6MD)
Batting: RHB Shannon L. Alder 0-0: Foul Ball, location: 2F
0-1: Called Strike
0-2: Ball
1-2: Foul Ball, location: 2F
1-2: Foul Ball, location: 2F
1-2: Ball
2-2: Strikes out swinging
Batting: RHB Pat Kramer 0-0: Ball
1-0: SINGLE (Flyball, 78S)
Govaart Baars to second
Batting: LHB Kent Maxwell 0-0: Ball
1-0: Foul Ball, location: 2F
1-1: Ball
2-1: Called Strike
2-2: Foul Ball, location: 2F
2-2: Strikes out swinging
Top of the 6th over - 0 runs, 2 hits, 0 errors, 2 left on base; Franklin 0 - Staten Island 2
BOTTOM OF THE 6TH
Staten Island Pizza Rats batting - Pitching for Franklin Fire : LHP Tim Wallace
Batting: RHB Jorge Japón 0-0: Called Strike
0-1: Ball
1-1: Foul Ball, location: 2F
1-2: Ball
2-2: Ground out 5-3 (Groundball, 56)
Batting: LHB Carlos Sánchez 0-0: Called Strike
0-1: Swinging Strike
0-2: Ball
1-2: Ball
2-2: SINGLE (Line Drive, 34)
Batting: RHB Curt Rovira 0-0: Called Strike
0-1: Called Strike
0-2: Ball
1-2: Ball
2-2: Foul Ball, location: 2F
2-2: Ball
3-2: Grounds into double play, 6-4-3 (Groundball, 6)
Bottom of the 6th over - 0 runs, 1 hit, 0 errors, 0 left on base; Franklin 0 - Staten Island 2
TOP OF THE 7TH
Franklin Fire batting - Pitching for Staten Island Pizza Rats : RHP Marnix de Jonge
Batting: LHB Tareef Ashraf 0-0: Ball
1-0: Called Strike
1-1: Ground out 4-3 (Groundball, 4)
Batting: RHB Rubén Plumey 0-0: Called Strike
0-1: Swinging Strike
0-2: Strikes out swinging
Batting: LHB Rick Newell 0-0: Ball
1-0: SINGLE (Groundball, 4D)
Batting: LHB Ling-lai Ding 0-0: Ground out 4-3 (Groundball, 4)
Top of the 7th over - 0 runs, 1 hit, 0 errors, 1 left on base; Franklin 0 - Staten Island 2
BOTTOM OF THE 7TH
Staten Island Pizza Rats batting - Pitching for Franklin Fire : LHP Tim Wallace
Batting: RHB Albert McBride 0-0: Called Strike
0-1: SINGLE (Groundball, 34) (infield hit)
Batting: LHB Ismael Soto 0-0: Called Strike
0-1: Fly out, F9 (Flyball, 89M)
Batting: RHB António Reyes 0-0: Called Strike
0-1: SINGLE (Flyball, 89S)
Albert McBride to second
Batting: LHB Wilson Sabadodíaz 0-0: Called Strike
0-1: Swinging Strike
0-2: Ball
1-2: Fielders Choice at 2nd, 6-4 (Groundball, 6)
Albert McBride to third
Batting: RHB Jack Lynch 0-0: Reached on error, E5 (Groundball, 56)
Albert McBride scores
Wilson Sabadodíaz to second
Batting: LHB Puck Schit 0-0: Swinging Strike
0-1: Foul Ball, location: 2F
0-2: Ball
1-2: SINGLE (Groundball, 4D)
Wilson Sabadodíaz to third
Jack Lynch to second
Runner from 3rd tries for Home, SAFE, no throw
Batting: RHB Jorge Japón 0-0: Called Strike
0-1: Fly out, F7 (Flyball, 78M)
Bottom of the 7th over - 2 runs, 3 hits, 1 error, 2 left on base; Franklin 0 - Staten Island 4
TOP OF THE 8TH
Franklin Fire batting - Pitching for Staten Island Pizza Rats : RHP Marnix de Jonge
Batting: LHB Ánibal Leobardo 0-0: Called Strike
0-1: Ball
1-1: Called Strike
1-2: Ball
2-2: Fly out, F8 (Flyball, 8LM)
Batting: SHB Govaart Baars 0-0: Called Strike
0-1: Ball
1-1: SINGLE (Flyball, 78S)
Batting: RHB Shannon L. Alder 0-0: Ball
1-0: DOUBLE (Line Drive, 89M)
Govaart Baars to third
Batting: RHB Pat Kramer 0-0: Called Strike
0-1: Foul Ball, location: 2F
0-2: Ball
1-2: Fly out, F7 (Flyball, 7S)
Runner from 3rd tags up, SCORES, throw made
Batting: LHB Kent Maxwell 0-0: Called Strike
0-1: Ball
1-1: Foul Ball, location: 2F
1-2: Ball
2-2: Ball
3-2: Foul Ball, location: 2F
3-2: Base on Balls
Pitching: RHP Bernard Bumpus
Batting: LHB Tareef Ashraf 0-0: Swinging Strike
0-1: Swinging Strike
0-2: Hit by Pitch
Shannon L. Alder to third
Kent Maxwell to second
Pinch Hitting: RHB Richard Theunen 0-0: Called Strike
0-1: Ball
1-1: SINGLE (Line Drive, 7S)
Shannon L. Alder scores
Kent Maxwell to third
Tareef Ashraf to second
Runner from 3rd tries for Home, SAFE, throw made home
Batting: LHB Rick Newell 0-0: Foul Ball, location: 2F
0-1: Ball
1-1: Ball
2-1: Ball
3-1: 3-RUN HOME RUN (Flyball, 9LD), Distance : 344 ft
Pitching: RHP Millard Murphy
Batting: LHB Ling-lai Ding 0-0: Foul Ball, location: 2F
0-1: Ball
1-1: Ball
2-1: Swinging Strike
2-2: Ball
3-2: Foul Ball, location: 2F
3-2: Strikes out looking
Top of the 8th over - 6 runs, 4 hits, 0 errors, 0 left on base; Franklin 6 - Staten Island 4
BOTTOM OF THE 8TH
Staten Island Pizza Rats batting - Pitching for Franklin Fire : LHP Tim Wallace
Now at SS: Richard Theunen
Batting: LHB Carlos Sánchez 0-0: Ball
1-0: Foul Ball, location: 2F
1-1: Ball
2-1: Ball
3-1: Foul Ball, location: 2F
3-2: Ground out 4-3 (Groundball, 4MS)
Batting: RHB Curt Rovira 0-0: Ball
1-0: Ball
2-0: Fly out, F7 (Flyball, 7)
Batting: RHB Albert McBride 0-0: Foul Ball, location: 2F
0-1: Swinging Strike
0-2: Ball
1-2: SINGLE (Line Drive, 89S)
Batting: LHB Ismael Soto 0-0: Ball
1-0: Ground out 3-1 (Groundball, 3)
Bottom of the 8th over - 0 runs, 1 hit, 0 errors, 1 left on base; Franklin 6 - Staten Island 4
TOP OF THE 9TH
Franklin Fire batting - Pitching for Staten Island Pizza Rats : RHP Millard Murphy
Pitching: LHP Julius Spry
Batting: LHB Ánibal Leobardo 0-0: Called Strike
0-1: Ball
1-1: Ground out 4-3 (Groundball, 4D)
Batting: SHB Govaart Baars 0-0: Ball
1-0: Ball
2-0: Ball
3-0: Base on Balls
Batting: RHB Shannon L. Alder 0-0: Called Strike
0-1: Swinging Strike
0-2: Foul Ball, location: 2F
0-2: Strikes out swinging
Batting: RHB Pat Kramer 0-0: Called Strike
0-1: SINGLE (Groundball, 6S) (infield hit)
Govaart Baars to second
Batting: LHB Kent Maxwell 0-0: Ball
1-0: Ball
2-0: Swinging Strike
2-1: Ball
3-1: Base on Balls
Govaart Baars to third
Pat Kramer to second
Batting: LHB Tareef Ashraf 0-0: Called Strike
0-1: Foul Ball, location: 2F
0-2: Foul Ball, location: 2F
0-2: Strikes out swinging
Top of the 9th over - 0 runs, 1 hit, 0 errors, 3 left on base; Franklin 6 - Staten Island 4
BOTTOM OF THE 9TH
Staten Island Pizza Rats batting - Pitching for Franklin Fire : LHP Tim Wallace
Batting: RHB António Reyes 0-0: Ball
1-0: Ground out 5-3 (Groundball, 56)
Batting: LHB Wilson Sabadodíaz 0-0: Swinging Strike
0-1: Ground out 5-3 (Groundball, 56S)
Batting: RHB Jack Lynch 0-0: Ball
1-0: Swinging Strike
1-1: Ball
2-1: SINGLE (Groundball, 56D)
Batting: LHB Puck Schit 0-0: Ball
1-0: Ground out 4-3 (Groundball, 4)
Bottom of the 9th over - 0 runs, 1 hit, 0 errors, 1 left on base; Franklin 6 - Staten Island 4
Friday, March 29th, 2019 - OOTP Baseball 18.8 Build 76